 Dungeon Crawl Stone Soup version 0.32-a0-841-g4648e6c457 (webtiles) character file.

Game seed: 7266883723054010522

56263 mopl the Unseen (level 14, -14/54 (72) HPs)
             Began as a Vine Stalker Enchanter on Mar 26, 2024.
             Was a High Priest of Nemelex Xobeh.
             Killed from afar by a kobold blastminer (23 damage)
             ... with an iron shot
             ... on level 2 of the Orcish Mines.
             The game lasted 00:38:29 (15324 turns).

mopl the Unseen (Vine Stalker Enchanter)           Turns: 15324, Time: 00:38:29

HP:   -14/54 (72)   AC: 13    Str:  8    XL:     14   Next: 81%
MP:   0/29          EV: 12    Int: 22    God:    Nemelex Xobeh [*****.]
Gold: 897           SH:  0    Dex: 14    Spells: 15/33 levels left

rFire   . . .        b - +2 dagger (venom)
rCold   . . .        (no shield)
rNeg    . . .        d - +1 robe "Ciuz Ten" {+Inv Archmagi}
rPois   .            Z - +0 helmet {Int+3}
rElec   +            u - +2 cloak
rCorr   .            n - +0 pair of gloves of Syndicalism {rElec Str-5 SInv}
SInv    +            W - +0 pair of boots
Will    ++...        a - amulet of magic regeneration
Stlth   ++++++       D - ring of willpower
HPRegen 1.09/turn    A - +4 ring of protection
MPRegen 0.61/turn

%: guardian spirit, archmagi
@: very slightly contaminated, very heavily drained
A: fangs 3, regeneration 1, magic shield, antimagic bite, no potion heal 2
a: Renounce Religion, Evoke Invisibility, Draw Escape, Draw Destruction, Draw
Summoning, Triple Draw, Deal Four, Stack Five


You were on level 2 of the Orcish Mines.
You worshipped Nemelex Xobeh.
Nemelex Xobeh was extremely pleased with you.
You visited 3 branches of the dungeon, and saw 18 of its levels.

You collected 2455 gold pieces.
You spent 1558 gold pieces at shops.

Inventory:

Hand Weapons
 b - a +2 dagger of venom (weapon)
 l - a +2 short sword of speed
Missiles
 y - a boomerang
 H - 10 poisoned darts
 I - 4 curare-tipped darts
Armour
 d - the +1 robe "Ciuz Ten" (worn) {+Inv Archmagi}
   (You bought it in a shop on level 11 of the Dungeon)

   +Inv:      It lets you turn invisible.
   Archmagi:  It increases the power of your magical spells.
 g - a +0 kite shield
 n - the +0 pair of gloves of Syndicalism (worn) {rElec Str-5 SInv}
   (You bought it in a shop on level 1 of the Orcish Mines)

   Str-5:     It affects your strength (-5).
   rElec:     It insulates you from electricity.
   SInv:      It lets you see invisible.
 p - the +0 helmet "Ynnevaw" {*Slow rElec rC+}
   (You bought it in a shop on level 1 of the Orcish Mines)

   rC+:       It protects you from cold.
   rElec:     It insulates you from electricity.
   *Slow:     It may slow you when you take damage.
 u - a +2 cloak (worn)
 K - a scarf of resistance
 O - a scarf of shadows
 W - a +0 pair of boots (worn)
 Z - a +0 helmet of intelligence (worn)
Jewellery
 a - an amulet of magic regeneration (around neck)
 e - a ring of see invisible
 o - a ring of positive energy
 A - a +4 ring of protection (right hand)
 D - a ring of willpower (left hand)
Wands
 h - a wand of charming (14)
 B - a wand of light (10)
 R - a wand of flame (17)
 U - a wand of mindburst (6)
Scrolls
 f - 3 scrolls of revelation
 i - a scroll of fog {unknown}
 k - 10 scrolls of teleportation {unknown}
 m - 6 scrolls of immolation
 q - a scroll of identify
 r - 7 scrolls of vulnerability {unknown}
 s - 2 scrolls of fear
 t - 5 scrolls of blinking {unknown}
 N - 2 scrolls of poison {unknown}
Potions
 c - 2 potions of invisibility
 j - 5 potions of curing {unknown}
 v - 3 potions of heal wounds
 w - 3 potions of haste
 x - 2 potions of lignification {!q}
 z - 2 potions of cancellation
 E - 2 potions of enlightenment
 G - 5 potions of brilliance
 L - a potion of berserk rage {!q}
 P - 2 potions of magic
 S - a potion of ambrosia
 T - a potion of might
Miscellaneous
 Q - a tin of tremorstones (2/2)
 Y - a sack of spiders


   Skills:
 + Level 7.0 Fighting
 + Level 8.2 Short Blades
 + Level 4.4 Dodging
 * Level 16.1 Stealth
 + Level 10.2 Spellcasting
 * Level 12.6 Hexes
 + Level 7.4 Invocations
 + Level 6.9 Evocations


You had 15 spell levels left.
You knew the following spells:

 Your Spells              Type           Power      Damage    Failure   Level
a - Dazzling Flash        Conj/Hex       100%       N/A       1%          3
b - Ensorcelled Hibernat  Hex/Ice        100%       N/A       1%          2
c - Confusing Touch       Hex            79%        N/A       1%          3
d - Tukima's Dance        Hex            79%        N/A       1%          3
e - Enfeeble              Hex            39%        N/A       28%         7

Your spell library contained the following spells:

 Spells                   Type           Power      Damage    Failure   Level
 Jinxbite                 Hex            100%       N/A       1%          2
 Freeze                   Ice            64%        1d7       6%          1
 Magic Dart               Conj           64%        1d6       6%          1
 Sting                    Conj/Alch      64%        1d7       6%          1
 Mercury Vapours          Alch/Air       32%        N/A       9%          2
 Searing Ray              Conj           32%        2d5       9%          2
 Summon Mana Viper        Hex/Summ       55%        N/A       12%         5
 Yara's Violent Unravell  Hex/Alch       27%        3d12      12%         5
 Frozen Ramparts          Ice            32%        1d5       19%         3
 Hailstorm                Conj/Ice       16%        3d6       19%         3
 Mephitic Cloud           Conj/Alch/Air  16%        N/A       19%         3
 Summon Ice Beast         Ice/Summ       16%        N/A       19%         3
 Fulminant Prism          Conj/Alch      8%         3d7       52%         4
 Ignite Poison            Fire/Alch      16%        N/A       52%         4
 Olgreb's Toxic Radiance  Alch           16%        N/A       52%         4
 Sticky Flame             Fire/Alch      16%        2d5       52%         4
 Freezing Cloud           Conj/Ice/Air   8%         6-21      86%         5
 Summon Forest            Summ/Tloc      8%         N/A       86%         5
 Summon Cactus Giant      Summ           8%         N/A       100%        6
 Monstrous Menagerie      Summ           8%         N/A       100%        7
 Ignition                 Fire           8%         3d5       100%        8


Dungeon Overview and Level Annotations

Branches:
Dungeon (11/15)            Temple (0/1) D:7            Lair (5/5) D:10
  Swamp (0/4) Lair:3        Snake (0/4) Lair:3        Slime (0/5) Lair:5
    Orc (2/2) D:11            Elf (0/3) Orc:2

Altars:
Nemelex Xobeh
Okawaru
Ru
Sif Muna
Trog
Wu Jian
Xom
Yredelemnul
Zin
The Shining One
Jiyva

Shops:
D:2 *   D:3 *   D:10 ?   D:11 [   Orc:1 *[   Orc:2 (

Annotations:
D:11 bb Sinv
Lair:5 1 runed translucent door
Orc:1 3 runed translucent doors, Firuy's ghost, journeyman NaHW; Guseah's ghost, journeyman TrCK


Innate Abilities, Weirdness & Mutations

You have razor-sharp teeth.
Your natural rate of healing is unusually fast.
When hurt, damage is shared between your health and your magic reserves.
Your bite disrupts and absorbs the magic of your enemies.
Potions cannot restore your health.


Message History

The kobold blastminer unwields a +0 arbalest.
The kobold blastminer hits you but does no damage.
Casting: Ensorcelled Hibernation (safe; 1% risk of failure)
Confirm with . or Enter, or press ? or * to list all spells.
Casting: Dazzling Flash (safe; 1% risk of failure)
Press: ? - help, Dir - look around, f - activate You feel a surge of power!
The kobold blastminer closely misses you.
Unknown command.
Unknown command.
Unknown command.
Casting: Dazzling Flash (safe; 1% risk of failure)
Confirm with . or Enter, or press ? or * to list all spells.
Casting: Dazzling Flash (safe; 1% risk of failure)
Press: ? - help, Dir - look around, f - activate You feel a surge of power!
You miscast Dazzling Flash.
You are very lightly contaminated with residual magic.
Nothing appears to happen.
The kobold blastminer shoots an arrow.
The arrow hits you.
* * * LOW HITPOINT WARNING * * *
The kobold blastminer hits you.
* * * LOW HITPOINT WARNING * * *
Unknown command.
Casting: Dazzling Flash (safe; 1% risk of failure)
Confirm with . or Enter, or press ? or * to list all spells.
You don't have enough magic to cast this spell.
Unknown command.
Unknown command.
Unknown command.
You hit the kobold blastminer but do no damage.
The kobold blastminer looks even sicker.
The kobold blastminer is moderately wounded.
The kobold blastminer shoots an arrow.
The arrow hits you.
* * * LOW HITPOINT WARNING * * *
The kobold blastminer hits you but does no damage.
You hear a shout!
The kobold blastminer blasts its cannon at you.
The iron shot hits you!!
You die...
Your body disappears without a glow.

.............## .
........$.#.#.##
........#........#
#
#...#.#........##
.
##..###........##
.
P...K#........#.#
#
P................#
..P...K.#.#...#.##
...o.#..@##...###
......#.###$..#
P....#### #...#
.P..# .... ...P
.## ... .. # #


You could see 2 kobold blastminers.

Vanquished Creatures
  An orc warlord (Orc:2)
  An entropy weaver (shapeshifter) (D:11)
  3 hydras
  Erolcha (D:11)
  4 two-headed ogres (D:11)
  A skyshark (Lair:4)
  3 orc knights (Orc:2)
  3 lindwurms
  4 oklob plants (Lair:3)
  2 ugly things (D:11)
  2 cyclopes (D:11)
  2 manticores
  9 black mambas
  6 elephants
  A torpor snail (Lair:3)
  An unseen horror (D:11)
  16 cane toads
  2 gargoyles (D:11)
  12 komodo dragons
  8 rime drakes
  A yaktaur (D:11)
  A tengu conjurer (D:10)
  2 trolls (D:11)
  A hornet (D:8)
  2 polar bears
  3 tyrant leeches (Lair:3)
  A dream sheep (shapeshifter) (D:11)
  5 dream sheep (Lair:5)
  14 blink frogs
  A slime creature (D:11)
  A shadow (D:11)
  42 yaks
  3 basilisks
  6 wyverns
  4 wraiths
  2 wargs (Orc:2)
  4 steam dragons
  An acid dragon (D:11)
  2 swamp worms (Lair:3)
  17 water moccasins
  Duvessa (D:7)
  13 orc warriors
  2 sky beasts
  3 black bears
  3 ice beasts
  2 ogres
  15 wolves
  4 centaurs
  2 kobold brigands
  19 bullfrogs
  3 scorpions
  6 wights
  Dowan (D:7)
  A killer bee (D:11)
  5 electric eels
  3 howler monkeys
  2 bombardier beetles
  3 jellies
  2 gnoll boudas
  10 orc priests
  3 hounds
  6 iguanas
  A sleepcap (D:6)
  18 orc wizards
  11 gnolls
  5 adders
  2 white imps
  2 ufetubi (D:6)
  43 orcs
  7 bats
  4 endoplasms
  2 giant cockroaches
  4 goblins
  10 hobgoblins
  8 jackals
  14 kobolds
  3 quokkas
  2 ball pythons
  3 frilled lizards
  12 rats
455 creatures vanquished.

Vanquished Creatures (collateral kills)
  A dire elephant (Lair:5)
  A catoblepas (Lair:5)
  A lindwurm (Lair:5)
  An orc knight (Orc:1)
  A manticore (Lair:5)
  A cane toad (Lair:5)
  Sigmund (D:3)
  Edmund (D:6)
  A wight (D:7)
  Crazy Yiuf (D:3)
  An orc (D:8)
  An endoplasm (D:3)
  A giant cockroach (D:3)
13 creatures vanquished.

Vanquished Creatures (others)
  A dancing weapon (D:7)
1 creature vanquished.

Grand Total: 469 creatures vanquished

Notes
Turn   | Place    | Note
-------+----------+-------------------------------------------
     0 | D:1      | mopl the Vine Stalker Enchanter began the quest for the
                  | Orb.
     0 | D:1      | Reached XP level 1. HP: 9/9 MP: 4/4
   132 | D:1      | Reached skill level 1 in Short Blades
   225 | D:1      | Reached XP level 2. HP: 13/13 MP: 6/6
   228 | D:1      | Learned a level 2 spell: Ensorcelled Hibernation
   322 | D:1      | Reached skill level 4 in Stealth
   429 | D:1      | Reached XP level 3. HP: 16/16 MP: 4/8
   433 | D:1      | Learned a level 3 spell: Confusing Touch
   769 | D:2      | Reached skill level 3 in Spellcasting
   769 | D:2      | Reached XP level 4. HP: 19/21 MP: 1/9
   852 | D:2      | Learned a level 3 spell: Tukima's Dance
   947 | D:2      | Found Newag's Assorted Antiques.
   961 | D:2      | Bought a scroll labelled TUOXTE OMUAJ for 24 gold pieces
   961 | D:2      | Bought a scroll labelled QOW LUENUSANOI for 24 gold pieces
  1225 | D:3      | Found a runed translucent door.
  1226 | D:3      | Noticed Crazy Yiuf
  1300 | D:3      | Found Tuseenoyta's One-of-a-Kind Rings.
  1346 | D:3      | Found Vemesm's Assorted Antiques.
  1359 | D:3      | Bought a golden potion for 19 gold pieces
  1359 | D:3      | Bought a ruby potion for 19 gold pieces
  1405 | D:3      | Noticed Sigmund
  1412 | D:3      | Noticed an ogre
  1422 | D:3      | Killed an ogre
  1423 | D:3      | Reached skill level 5 in Stealth
  1423 | D:3      | Reached skill level 4 in Hexes
  1423 | D:3      | Reached XP level 5. HP: 24/24 MP: 8/11
  1434 | D:3      | Killed Sigmund
  1435 | D:3      | Reached skill level 2 in Short Blades
  1435 | D:3      | Reached skill level 4 in Spellcasting
  1435 | D:3      | Reached XP level 6. HP: 28/28 MP: 6/13
  1642 | D:3      | Killed Crazy Yiuf
  1643 | D:3      | Reached skill level 6 in Stealth
  1821 | D:4      | Reached XP level 7. HP: 32/32 MP: 9/14
  2246 | D:4      | Found a basalt altar of Yredelemnul.
  2739 | D:3      | Bought a scroll labelled JEUNYIZUUT for 22 gold pieces
  2739 | D:3      | Bought a scroll labelled QOW LUENUSANOI for 22 gold pieces
  2739 | D:3      | Bought a scroll labelled QOW LUENUSANOI for 22 gold pieces
  2767 | D:5      | Entered Level 5 of the Dungeon
  2774 | D:5      | Reached skill level 5 in Hexes
  2852 | D:5      | Reached skill level 5 in Spellcasting
  2888 | D:5      | Reached skill level 3 in Short Blades
  2888 | D:5      | Reached skill level 7 in Stealth
  2888 | D:5      | Gained mutation: You have razor-sharp teeth. [Vine Stalker
                  | growth]
  2888 | D:5      | Reached XP level 8. HP: 36/36 MP: 7/16
  2892 | D:5      | Learned a level 3 spell: Dazzling Flash
  3365 | D:6      | Reached skill level 6 in Hexes
  3382 | D:5      | Reached skill level 8 in Stealth
  3382 | D:5      | Reached skill level 6 in Spellcasting
  3637 | D:6      | Reached XP level 9. HP: 32/39 MP: 11/19
  3667 | D:6      | Noticed Edmund
  3706 | D:6      | Killed Edmund
  3707 | D:6      | Reached skill level 4 in Short Blades
  3757 | D:6      | Reached skill level 9 in Stealth
  4092 | D:6      | Found a sparkling altar of Nemelex Xobeh.
  4096 | D:6      | Became a worshipper of Nemelex Xobeh the Trickster
  4196 | D:7      | Noticed Duvessa
  4197 | D:7      | Noticed Dowan
  4202 | D:7      | Killed Duvessa
  4203 | D:7      | Reached skill level 7 in Hexes
  4204 | D:7      | Killed Dowan
  4241 | D:7      | Reached skill level 1 in Fighting
  4241 | D:7      | Reached skill level 1 in Evocations
  4257 | D:7      | Reached skill level 1 in Invocations
  4727 | D:7      | Found a shimmering blue altar of Sif Muna.
  4755 | D:7      | You fall into a shaft and drop 3 floors!
  4755 | D:10     | Entered Level 10 of the Dungeon
  4792 | D:9      | Reached skill level 7 in Spellcasting
  4842 | D:8      | Noticed a hornet
  4848 | D:8      | Reached skill level 10 in Stealth
  4848 | D:8      | Reached skill level 2 in Invocations
  4849 | D:8      | Killed a hornet
  4850 | D:8      | Reached skill level 2 in Fighting
  4850 | D:8      | Reached skill level 2 in Evocations
  4850 | D:8      | Reached XP level 10. HP: 46/46 MP: 21/21
  5072 | D:7      | Found a staircase to the Ecumenical Temple.
  5282 | D:8      | Reached * piety under Nemelex Xobeh
  5283 | D:8      | Found a glowing golden altar of the Shining One.
  5714 | D:9      | Reached skill level 8 in Hexes
  5729 | D:9      | Reached skill level 5 in Short Blades
  6025 | D:9      | Reached skill level 3 in Invocations
  6029 | D:9      | Reached skill level 3 in Fighting
  6029 | D:9      | Reached skill level 11 in Stealth
  6044 | D:9      | Reached skill level 3 in Evocations
  6231 | D:9      | Found a bloodstained altar of Trog.
  6234 | D:9      | Found an iron altar of Okawaru.
  6235 | D:9      | Found a glowing silver altar of Zin.
  6235 | D:9      | Found a shimmering altar of Xom.
  6238 | D:9      | Found an ornate altar of the Wu Jian Council.
  6319 | D:10     | Received a gift from Nemelex Xobeh
  6322 | D:10     | Found a sacrificial altar of Ru.
  6386 | D:10     | Found Uweoluts's Magic Scroll Boutique.
  6442 | D:10     | HP: 1/49 [orc warrior/+0 hand axe (12)]
  6447 | D:10     | Reached XP level 11. HP: 6/52 MP: 1/23
  6569 | D:10     | Bought a scroll of revelation for 105 gold pieces
  6569 | D:10     | Bought a scroll of immolation for 56 gold pieces
  6569 | D:10     | Bought a scroll of enchant armour for 105 gold pieces
  6569 | D:10     | Bought a scroll of identify for 28 gold pieces
  6569 | D:10     | Bought a scroll of identify for 28 gold pieces
  6891 | D:10     | Reached skill level 9 in Hexes
  6961 | D:10     | Found a staircase to the Lair.
  7323 | D:11     | Reached ** piety under Nemelex Xobeh
  7337 | D:11     | Noticed a cyclops
  7371 | D:11     | Killed a cyclops
  7372 | D:11     | Reached skill level 4 in Invocations
  7407 | D:11     | Reached skill level 12 in Stealth
  7407 | D:11     | Reached skill level 8 in Spellcasting
  7445 | D:11     | Found a staircase to the Orcish Mines.
  7477 | D:11     | Found Owautei's Armour Shoppe.
  7576 | D:11     | Reached skill level 4 in Fighting
  7622 | D:11     | Reached skill level 4 in Evocations
  7850 | D:11     | Noticed Erolcha
  7859 | D:11     | Killed Erolcha
  7860 | D:11     | Reached skill level 6 in Short Blades
  7971 | D:11     | Noticed a two-headed ogre
  7975 | D:11     | Killed a two-headed ogre
  7988 | D:11     | Noticed a manticore
  7992 | D:11     | Killed a manticore
  8178 | D:11     | Reached XP level 12. HP: 58/58 MP: 18/25
  8203 | Lair:1   | Entered Level 1 of the Lair of Beasts
  8315 | Lair:1   | Reached skill level 10 in Hexes
  8336 | Lair:1   | Reached skill level 13 in Stealth
  8632 | Lair:1   | Reached skill level 5 in Invocations
  8649 | Lair:1   | Reached skill level 5 in Fighting
  8870 | Lair:1   | Reached skill level 5 in Evocations
  8880 | Lair:1   | Received a gift from Nemelex Xobeh
  8915 | Lair:1   | Reached *** piety under Nemelex Xobeh
  9286 | Lair:1   | Received a gift from Nemelex Xobeh
  9577 | D:10     | Bought a scroll of torment for 133 gold pieces
  9643 | Lair:1   | Identified a scroll of acquirement
  9644 | Lair:1   | Acquired 922 gold pieces
  9700 | D:11     | Bought the +1 robe "Ciuz Ten" {+Inv Archmagi} for 337 gold
                  | pieces
  9853 | Lair:2   | Reached skill level 2 in Dodging
  9902 | Lair:2   | Reached skill level 9 in Spellcasting
 10085 | Lair:2   | Reached skill level 14 in Stealth
 10085 | Lair:2   | Reached XP level 13. HP: 59/64 MP: 21/27
 10093 | Lair:2   | Learned a level 7 spell: Enfeeble
 10137 | Lair:2   | Reached skill level 7 in Short Blades
 10137 | Lair:2   | Reached skill level 11 in Hexes
 10989 | Lair:3   | Reached skill level 6 in Invocations
 11062 | Lair:3   | Found a staircase to the Snake Pit.
 11084 | Lair:3   | Reached **** piety under Nemelex Xobeh
 11213 | Lair:3   | Reached skill level 3 in Dodging
 11232 | Lair:3   | Reached skill level 6 in Fighting
 11624 | Lair:3   | Found a staircase to the Swamp.
 11692 | Lair:3   | Reached skill level 6 in Evocations
 12421 | Lair:4   | Reached skill level 15 in Stealth
 12592 | Lair:4   | Reached XP level 14. HP: 65/70 MP: 26/28
 12940 | Lair:5   | Entered Level 5 of the Lair of Beasts
 13177 | Lair:5   | Reached skill level 12 in Hexes
 13309 | Lair:5   | Found a runed translucent door.
 13316 | Lair:5   | Found a viscous altar of Jiyva.
 13316 | Lair:5   | Noticed an acid blob
 13317 | Lair:5   | Found a staircase to the Slime Pits.
 13317 | Lair:5   | Noticed an acid blob
 13317 | Lair:5   | Noticed an acid blob
 13317 | Lair:5   | Noticed an acid blob
 13484 | Lair:5   | Reached skill level 4 in Dodging
 13880 | Lair:5   | Reached skill level 7 in Invocations
 13952 | Lair:5   | Received a gift from Nemelex Xobeh
 13961 | Lair:5   | Noticed a dire elephant
 13987 | Lair:5   | Killed a dire elephant
 13988 | Lair:5   | Reached skill level 10 in Spellcasting
 14237 | D:11     | Reached skill level 8 in Short Blades
 14492 | D:11     | Reached skill level 16 in Stealth
 14654 | Orc:1    | Entered Level 1 of the Orcish Mines
 14654 | Orc:1    | Found Ufau's Antique Armour Shoppe.
 14654 | Orc:1    | Reached ***** piety under Nemelex Xobeh
 14657 | Orc:1    | Bought a pair of slimy gloves for 294 gold pieces
 14657 | Orc:1    | Identified the +0 pair of gloves of Syndicalism {rElec
                  | Str-5 SInv} (You bought it in a shop on level 1 of the
                  | Orcish Mines)
 14657 | Orc:1    | Bought a masterwork helmet for 294 gold pieces
 14657 | Orc:1    | Identified the +0 helmet "Ynnevaw" {*Slow rElec rC+} (You
                  | bought it in a shop on level 1 of the Orcish Mines)
 14701 | Orc:1    | Found a runed translucent gate.
 14728 | Orc:1    | Found a runed translucent gate.
 14729 | Orc:1    | Found Leggeit's General Store.
 14729 | Orc:1    | Found a runed translucent gate.
 14738 | Orc:1    | Bought a scroll of identify for 26 gold pieces
 14748 | Orc:1    | Reached skill level 7 in Fighting
 14796 | Orc:1    | Noticed Guseah's ghost (journeyman TrCK)
 14797 | Orc:1    | Noticed Firuy's ghost (journeyman NaHW)
 14865 | Orc:2    | Entered Level 2 of the Orcish Mines
 14899 | Orc:2    | Noticed an orc warlord
 14900 | Orc:2    | Found Qyst's Antique Weapon Boutique.
 14920 | Orc:2    | Killed an orc warlord
 15035 | Orc:2    | Found a staircase to the Elven Halls.
 15117 | Orc:2    | Received a gift from Nemelex Xobeh
 15324 | Orc:2    | Killed from afar by a kobold blastminer

Illustrated notes

Levels and vault maps discovered:
D:1:      minmay_arrival_four_houses, layout_loops_ring, minmay_rat_gold_closets
D:2:      layout_rooms, serial_shops, shop, minivault_25
D:3:      layout_rooms, serial_shops, shop, nicolae_shop_unique_rings,
          uniq_crazy_yiuf_cottage, uniq_sigmund
D:4:      layout_basic, yredelemnul_altar_generic, dreamdust_princess_corridor
D:5:      layout_gridville, st_stairs_5
D:6:      layout_cave_pools, nemelex_diamond_rough_becter, uniq_edmund
D:7:      layout_basic, lemuel_crystal_altar, lemuel_temple_firewalk_b,
          uniq_duvessa
D:8:      layout_rooms, nicolae_tso_carved_into_rock
D:9:      layout_roguey, minitemple
D:10:     layout_basic, mainiacjoe_overflow_chevrons,
          grunt_lair_entry_orc_guard_hut, serial_shops,
          nicolae_shop_rolling_square
D:11:     nzn_winding_woodlands_stair_trap [nzn_winding_woodlands_5x15_crooked,
          nzn_winding_woodlands_5x15_pool, nzn_winding_woodlands_5x15_pockets,
          nzn_winding_woodlands_15x15_five_gardens,
          nzn_winding_woodlands_5x15_lazy_stream,
          nzn_winding_woodlands_5x15_eye, nzn_winding_woodlands_5x15_parted],
          layout_loops_ring, orc_david_3, uniq_erolcha
Lair:1:   layout_cave_pods, grunt_megastairs_5
Lair:2:   layout_long_grid, wad_woods_road_06
Lair:3:   minmay_lair_oklob_tunnel, layout_cave_pods, minmay_swamp_entry_worms,
          minmay_snake_entry_six_corridors
Lair:4:   layout_misc_corridors
Lair:5:   hangedman_lair_in_review, layout_concentric_octagons, slime_entry_2,
          serial_forest, infiniplex_forest_straight_2,
          infiniplex_forest_clump_medium, infiniplex_forest_lined_2,
          infiniplex_forest_clump_large, infiniplex_forest_fountain,
          infiniplex_forest_clump_double, infiniplex_forest_lined_3,
          infiniplex_forest_clump_small
Orc:1:    layout_caves, gammafunk_ghost_cemetery, serial_shops,
          nicolae_shop_tiny_waterfront, shop, shop, shop, nicolae_shop_stone
Orc:2:    grunt_orc_gardens, layout_caves, grunt_orc_garden, grunt_orc_garden,
          grunt_orc_garden, grunt_orc_garden, minmay_orc_temple_a

Skill      XL: |  1  2  3  4  5  6  7  8  9 10 11 12 13 14 |
---------------+-------------------------------------------+-----
Short Blades   | 1 2 3 4 5 6 7 8 |  8.2
Stealth        | 4 5 6 7 8 10 11 12 14 15 16 | 16.1
Spellcasting   | 3 4 5 6 7 8 9 10 | 10.2
Hexes          | 4 5 6 7 8 9 10 11 12 | 12.6
Fighting       | 2 3 4 5 6 7 |  7.0
Evocations     | 2 3 4 5 6 |  6.9
Invocations    | 2 3 4 5 6 7 |  7.4
Dodging        | 2 3 4 |  4.4

Action                     |  1- 3 |  4- 6 |  7- 9 | 10-12 | 13-15 || total
---------------------------+-------+-------+-------+-------+-------++-------
  Melee: Dagger            |    98 |    78 |   350 |   513 |   341 ||  1380
         Bite              |    13 |    16 |   110 |   155 |   117 ||   411
   Cast: Ensorcelled Hiber |     5 |     1 |    70 |   145 |   154 ||   375
         Tukima's Dance    |       |     5 |    13 |     2 |     2 ||    22
         Confusing Touch   |       |       |     5 |     7 |    11 ||    23
         Dazzling Flash    |       |       |     1 |     6 |     8 ||    15
 Invoke: Draw Summoning    |       |       |       |       |     3 ||     3
Ability: Evoke Invisibilit |       |       |       |       |     3 ||     3
  Evoke: Wand              |       |       |       |     5 |       ||     5
    Use: Scroll            |       |       |     5 |    10 |     4 ||    19
   Stab: Sleeping          |    14 |     9 |    47 |    99 |   104 ||   273
         Confused          |       |       |     3 |     5 |    12 ||    20
         Distracted        |       |       |     1 |     1 |       ||     2
         Invisible         |       |       |       |     5 |    16 ||    21
         Petrified         |       |       |       |       |     1 ||     1
 Armour: Robe              |    60 |    46 |   211 |    19 |   271 ||   607
         Steam dragon scal |       |       |    54 |   321 |       ||   375
  Dodge: Dodged            |    76 |    40 |   228 |   218 |   202 ||   764

Table legend: (Time is in decaauts)
 A = Elapsed time spent in this place.
 B = Non-inter-level travel time spent in this place.
 C = Inter-level travel time spent in this place.
 D = Time resting spent in this place.
 E = Time spent auto-exploring this place.
 F = Levels seen in this place.
 G = Mean time per level.
                   A        B        C        D        E       F      G
               +--------+--------+--------+--------+--------+-----+--------+
         Total |  15058 |  13942 |   1116 |   1057 |   8593 |  18 |  836.6 |
       Dungeon |   8778 |   8035 |    743 |    586 |   4926 |  11 |  798.0 |
          Lair |   5628 |   5260 |    368 |    385 |   3322 |   5 | 1125.6 |
  Orcish Mines |    651 |    647 |      4 |     86 |    344 |   2 |  325.5 |
               +--------+--------+--------+--------+--------+-----+--------+

Top non-repeatable levels by time:
  Lair:3: 1436 daAuts
    D:11: 1391 daAuts
  Lair:1: 1353 daAuts
    D:10: 1219 daAuts
  Lair:5: 1126 daAuts
  Lair:2: 1102 daAuts
     D:4: 901 daAuts
     D:7: 857 daAuts
     D:3: 754 daAuts
     D:1: 734 daAuts
     D:5: 673 daAuts
     D:9: 652 daAuts
     D:6: 626 daAuts
  Lair:4: 609 daAuts
     D:8: 566 daAuts
